 Dungeon Crawl Stone Soup version 0.19-a0-994-g3c636f0 (webtiles) character file.

748 HAL9000 the Cudgeler (level 7, 0/112 HPs)
             Began as an Ogre Hunter on July 17, 2016.
             Slain by an orc
             ... wielding a +0 trident
              (8 damage)
             ... on level 5 of the Dungeon.
             The game lasted 00:10:36 (4580 turns).

HAL9000 the Cudgeler (Ogre Hunter)                  Turns: 4580, Time: 00:10:37

Health: 0/112      AC:  3    Str: 23    XL:     7   Next: 77%
Magic:  7/7        EV: 11    Int: 10    God:
Gold:   193        SH:  0    Dex: 12    Spells: 0 memorised, 6 levels left

rFire  . . .     SeeInvis .     x - +2 mace (crush)
rCold  + . .     Gourm    .     b - +0 robe
rNeg   . . .     Faith    .     (no shield)
rPois  .         Spirit   .     (helmet restricted)
rElec  .         Dismiss  .     (no cloak)
rCorr  .         Reflect  .     (gloves unavailable)
SustAt .         Harm     +     (boots unavailable)
MR     .....                    E - amulet of harm
Stlth  ..........               (no ring)
                                o - ring of protection from cold

@: berserking (expiring), slowed, not resistant to hostile enchantments,
extremely unstealthy
A: unfitting armour, tough skin 1
a: no special abilities


You were on level 5 of the Dungeon.
You were hungry.

You visited 1 branch of the dungeon, and saw 5 of its levels.

You collected 193 gold pieces.

Inventory:

Hand Weapons
 x - a +2 mace of crushing (weapon)
 C - a +0 giant spiked club
Armour
 b - a +0 robe (worn)
Jewellery
 o - a ring of protection from cold (left hand)
 E - an amulet of harm (around neck)
Scrolls
 k - a scroll of fog {unknown}
 l - 2 scrolls of identify {unknown}
 n - 2 scrolls of remove curse {unknown}
 p - a scroll of recharging {unknown}
 q - a scroll of enchant weapon {unknown}
 s - a scroll of enchant armour {unknown}
 t - a scroll of blinking {unknown}
 A - a scroll of random uselessness {unknown}
Potions
 i - 3 potions of curing
 z - 2 potions of lignification {unknown}
Comestibles
 f - 4 bread rations
 g - a beef jerky
 u - 3 fruits
 D - 2 meat rations


   Skills:
 + Level 6.1 Fighting
 * Level 7.4 Maces & Flails
 - Level 4.0 Throwing
 + Level 4.1 Dodging
 - Level 0.7 Stealth


You had 6 spell levels left.
You didn't know any spells.

Dungeon Overview and Level Annotations

Branches:
Dungeon (5/15)
 Temple: D:4-7

Altars:
Cheibriados
Dithmenos
Makhleb
Nemelex Xobeh
Sif Muna
Uskayaw
Vehumet


Innate Abilities, Weirdness & Mutations

You are too large for most types of armour.
You have tough skin. (AC +1)


Message History

The orc wizard hits you with a dagger of speed!
* * * LOW HITPOINT WARNING * * *
The orc barely misses you.
The orc wizard hits you with a dagger of speed.
* * * LOW HITPOINT WARNING * * *
The orc closely misses you.
The orc wizard casts a spell.
The orc wizard blinks!
Unknown command.
It was a potion of berserk rage.
A red film seems to cover your vision as you go berserk!
You feel yourself moving faster!
You feel mighty! The orc misses you.
You feel a strong urge to attack something.
Things that are here:
a large rock; a scorpion corpse You sock the orc wizard!
You kill the orc wizard!
The orc barely misses you. The orc hits you with a trident!
You die...

.. ... ..
.. ....
.#.## .
..<. #. .
.o# .. #o#
#.## #@#
.. #(# #
##### #)#
#.#....
#.#
#.#....
#.#
#......
#.#
###....
#.#
######....
#.#
..[....<.)
#.##
.#####....


You could see 2 orcs.

Vanquished Creatures
  2 ogres (D:4)
  A sky beast (D:4)
  A scorpion (D:5)
  2 crimson imps (D:4)
  2 hounds
  2 orc wizards (D:5)
  A giant frog skeleton (D:4)
  Ijyb (D:2)
  6 adders
  A shadow imp (D:4)
  An ooze (D:4)
  An adder skeleton (D:4)
  3 worms
  4 dart slugs
  6 giant geckos
  7 orcs
  4 ball pythons
  2 giant cockroaches
  9 goblins
  13 hobgoblins
  8 jackals
  6 bats
  A giant gecko skeleton (D:4)
  7 giant newts
  16 kobolds
  15 rats
122 creatures vanquished.

Notes
Turn   | Place    | Note
-------+----------+-------------------------------------------
     0 | D:1      | HAL9000 the Ogre Hunter began the quest for the Orb.
     0 | D:1      | Reached XP level 1. HP: 22/22 MP: 1/1
    91 | D:1      | Reached skill level 1 in Maces & Flails
   184 | D:1      | Reached XP level 2. HP: 15/31 MP: 2/2
   555 | D:1      | Reached XP level 3. HP: 29/37 MP: 3/3
   629 | D:1      | Reached skill level 2 in Maces & Flails
   851 | D:2      | Noticed Ijyb
   871 | D:2      | Killed Ijyb
   871 | D:2      | Reached skill level 3 in Maces & Flails
   871 | D:2      | Reached XP level 4. HP: 17/48 MP: 4/4
  1586 | D:2      | Found a snail-covered altar of Cheibriados.
  1834 | D:2      | Found a sparkling altar of Nemelex Xobeh.
  1868 | D:2      | Found a hide-covered altar of Uskayaw.
  2001 | D:3      | Found a deep blue altar of Sif Muna.
  2009 | D:3      | Reached XP level 5. HP: 54/54 MP: 5/5
  2021 | D:3      | Reached skill level 4 in Maces & Flails
  3422 | D:4      | Noticed a sky beast
  3896 | D:4      | Noticed an ogre
  3904 | D:4      | Killed an ogre
  3904 | D:4      | Reached skill level 5 in Fighting
  3904 | D:4      | Reached skill level 5 in Maces & Flails
  3904 | D:4      | Reached XP level 6. HP: 66/66 MP: 6/6
  3925 | D:4      | Found a shadowy altar of Dithmenos.
  4128 | D:4      | Killed a sky beast
  4128 | D:4      | Reached skill level 6 in Maces & Flails
  4138 | D:4      | Reached XP level 7. HP: 66/72 MP: 7/7
  4299 | D:4      | Found a burning altar of Makhleb.
  4300 | D:4      | Found a radiant altar of Vehumet.
  4440 | D:5      | Entered Level 5 of the Dungeon
  4567 | D:5      | Reached skill level 7 in Maces & Flails
  4580 | D:5      | Slain by an orc

Vault maps used:
D:1:      dpeg_arrival_ratfight, hangedman_decor_points, hangedman_decor_push,
          minmay_pentomino_x4
D:2:      nicolae_overflow_crystal_walls, old_standard_altar,
          cheibriados_altar_1, uniq_iyjb
D:3:      lemuel_doored_altar, first_bread
D:4:      grunt_temple_overflow_lords_of_destruction,
          grunt_dithmenos_smoke_and_mirrors
D:5:      okawaru_ov_weapons_minmay

Skill      XL: |  1  2  3  4  5  6  7 |
---------------+----------------------+-----
Fighting       | 3 4 5 6 |  6.1
Maces & Flails | 1 3 5 6 7 |  7.4
Dodging        | 2 3 4 |  4.1
Throwing       | |  4.0
Stealth        | |  0.7

Action                   |  1- 3 |  4- 6 |  7- 9 || total
-------------------------+-------+-------+-------++-------
Melee: Club              |    59 |       |       ||    59
       Short sword       |     1 |       |       ||     1
       Mace              |    69 |   296 |    31 ||   396
Throw: Large rock        |     5 |     6 |     7 ||    18
       Throwing net      |     2 |     3 |     1 ||     6
  Use: Potion            |       |     2 |     2 ||     4
 Stab: Held in net/web   |       |     1 |       ||     1
       Sleeping          |       |     1 |       ||     1
  Eat: Chunk             |       |    11 |     1 ||    12
Armor: Robe              |    48 |    85 |    10 ||   143
Dodge: Dodged            |    78 |   163 |    29 ||   270
